Map: Crête de Lerilak

Players

zidar

  • Race: Zerg Zerg
  • League: Silver
  • Spawn Location: 5:00

Karanelus - Winner!

  • Race: Protoss Protoss
  • League: Silver
  • Spawn Location: 1:00

VOD

Have the link to the VOD?

Description

Time

  • Played on: Dec. 10, 2015, 10:39 a.m.
  • Length: 9:14
Show
View Real Time Build Order
Export as new Build Order

zidar Zerg 

Build Orders: Hatch First 

Get SALT Encoding   

  12  0:01  Drone  
  13  0:12  Overlord  
  13  0:17  Drone  
  14  0:32  Drone x2  
  14  0:34  Drone  
  17  1:00  Drone  
  17  1:03  Extractor  
  17  1:04  Drone  
  17  1:05  Hatchery  
  17  1:17  Drone  
  17  1:18  Overlord  
  18  1:33  Spawning Pool  
  17  2:04  Hatchery  
  16  2:17  Drone x2  
  16  2:18  Drone  
  19  2:32  Queen  
  19  2:35  Queen  
  23  2:48  Drone x3  
  26  3:03  Drone x2  
  28  3:15  Queen  
  30  3:30  Extractor  
  30  3:32  Extractor  
  28  3:45  Roach Warren  
  27  3:53  Drone x3  
  30  3:59  Lair  
  30  4:06  Drone x4  
  34  4:21  Overlord  
  34  4:22  Overlord x3  
  33  4:59  Roach  
  35  5:00  Roach x8  
  51  5:17  Spine Crawler  
  50  5:24  Roach x2  
  50  5:25  Roach  
  52  5:41  Hydralisk Den  
  51  5:45  Drone  
  52  5:54  Extractor  
  51  5:59  Overlord x2  
  51  6:00  Overlord  
  51  6:22  Roach  
  51  6:23  Roach x4  
  61  6:31  Drone x3  
  64  6:58  Hydralisk  
  64  6:59  Hydralisk x2  
  64  7:00  Hydralisk  
  72  7:07  Hydralisk  
  60  7:59  Hydralisk  
  60  8:00  Hydralisk x6  
  75  8:05  Drone  
  75  8:09  Drone  
Show
View Real Time Build Order
Export as new Build Order

Karanelus Protoss - Winner!

Build Orders:  

Get SALT Encoding   

  12  0:01  Probe (Chrono Boost)  
  13  0:12  Probe (Chrono Boost)  
  14  0:19  Pylon  
  14  0:34  Probe (Chrono Boost)  
  15  0:41  Gateway  
  15  0:44  Probe (Chrono Boost)  
  16  0:51  Pylon  
  16  0:57  Assimilator  
  16  1:00  Probe (Chrono Boost)  
  17  1:10  Probe (Chrono Boost)  
  18  1:14  Assimilator  
  18  1:21  Probe (Chrono Boost)  
  19  1:30  Cybernetics Core  
  19  1:31  Probe (Chrono Boost)  
  20  1:42  Probe (Chrono Boost)  
  21  1:52  Probe (Chrono Boost)  
  21  1:53  Pylon  
  21  1:54  Gateway  
  22  1:59  Zealot  
  24  2:06  Warp Gate  
  24  2:22  Robotics Facility  
  24  2:27  Mothership Core (Chrono Boost)  
  26  2:32  Pylon  
  26  2:41  Adept  
  28  3:01  Adept  
  30  3:08  Adept, Assimilator  
  32  3:23  Immortal  
  36  3:28  Adept  
  38  3:53  Nexus  
  38  4:02  Observer  
  39  4:08  Gateway  
  39  4:18  Gateway  
  39  4:23  Assimilator  
  39  4:41  Stalker x2  
  43  5:08  Stalker x2  
  43  5:10  Probe (Chrono Boost)  
  48  5:15  Probe (Chrono Boost)  
  48  5:21  Probe (Chrono Boost)  
  50  5:25  Probe (Chrono Boost)  
  51  5:31  Probe (Chrono Boost)  
  51  5:35  Immortal  
  56  5:36  Probe (Chrono Boost)  
  56  5:42  Probe (Chrono Boost)  
  58  5:43  Stalker  
  58  5:48  Probe (Chrono Boost)  
  61  5:52  Probe (Chrono Boost)  
  61  5:56  Pylon  
  62  6:04  Pylon  
  62  6:14  Probe x2 (Chrono Boost)  
  62  6:17  Warp Prism  
  66  6:24  Probe (Chrono Boost)  
  67  6:27  Gateway, Pylon  
  67  6:32  Assimilator  
  67  6:35  Probe x2 (Chrono Boost)  
  69  6:45  Probe (Chrono Boost)  
  70  6:51  Probe (Chrono Boost)  
  71  6:56  Probe (Chrono Boost)  
  72  7:01  Probe (Chrono Boost)  
  72  7:06  Gateway, Probe (Chrono Boost)  
  74  7:12  Probe (Chrono Boost)  
  75  7:19  Stalker  
  75  7:20  Stalker  
  75  7:21  Stalker  
  81  7:24  Stalker  
  83  7:43  Stalker  
  81  7:45  Zealot  
  81  7:46  Zealot  
  81  7:49  Zealot  
  71  7:57  Stalker  
  69  8:00  Immortal  
  73  8:09  Pylon  
  73  8:11  Pylon  
  73  8:21  Robotics Facility  
  73  8:24  Gateway  
  73  8:26  Pylon x2  
  73  8:28  Pylon  
  73  8:40  Stalker x3  
  83  8:51  Robotics Facility  
  83  8:53  Robotics Facility  
  75  8:59  Stalker x2  
  67  9:04  Stalker  
  65  9:10  Stalker  
Tags
 
Add a new tag
Caveats
  • Supply blocks, unpowered buildings, or Contaminate may cause inaccurate times.
  • Supply counts are checked every 10 seconds.